 Dungeon Crawl Stone Soup version 0.24-a0-132-ge4b1dce (webtiles) character file.

Game seed: 460981786908282620

9343 galech the Cleaver (level 11, -3/84 HPs)
             Began as a Demonspawn Fighter on Feb 27, 2019.
             Was a High Priest of Okawaru.
             Slain by a deep troll (13 damage)
             ... on level 9 of the Dungeon.
             The game lasted 00:12:55 (8658 turns).

galech the Cleaver (Demonspawn Fighter)             Turns: 8658, Time: 00:12:56

Health: -3/84      AC: 11    Str: 16    XL:     11   Next: 21%
Magic:  12/12      EV: 12    Int:  9    God:    Okawaru [*****.]
Gold:   454        SH:  9    Dex: 17    Spells: 10/10 levels left

rFire    + + +     SeeInvis +   H - +13 scythe of Curses {drain, *Curse} (curse)
rCold    . . .     Gourm    .   (shield currently unavailable)
rNeg     . . .     Faith    .   K - +3 salamander hide armour {+Rage rF++} (curse)
rPois    .         Spirit   .   (no helmet)
rElec    .         Reflect  +   O - +2 cloak {+Inv} (curse)
rCorr    .         Harm     .   v - +0 pair of gloves (curse)
MR       .....                  (boots unavailable)
Stlth    ++........             w - +5 amulet of reflection (curse)
HPRegen  0.24/turn              C - ring of see invisible (curse)
MPRegen  0.13/turn              x - ring of protection from fire (curse)

@: no status effects
A: talons 3, large bone plates 1, demonic guardian 1, fire resistance 1, flame
cloud immunity
a: Heroism, Finesse, Renounce Religion, Evoke Berserk Rage, Evoke Invisibility


You were on level 9 of the Dungeon.
You worshipped Okawaru.
Okawaru was extremely pleased with you.
You were not hungry.

You visited 1 branch of the dungeon, and saw 9 of its levels.

You collected 454 gold pieces.

Inventory:

Hand Weapons
 a - a cursed +0 war axe
 H - the cursed +13 scythe of Curses (weapon) {drain, *Curse}
   (You took it off an orc on level 8 of the Dungeon)

   A truly terrible weapon, it drains the life of those it strikes.
   It curses itself when equipped.
   It has a curse placed upon it.
 J - a cursed +2 hand axe of electrocution
 M - a cursed +2 scimitar of flaming
Armour
 c - a cursed +0 shield
 v - a cursed +0 pair of gloves (worn)
 y - a cursed +0 plate armour
 E - a cursed +0 large shield
 K - the cursed +3 salamander hide armour (worn) {+Rage rF++}
   (You found it on level 8 of the Dungeon)

   It greatly protects you from fire.
   It lets you go berserk.
   It has a curse placed upon it.
 O - a cursed +2 cloak of invisibility (worn)
Jewellery
 w - a cursed +5 amulet of reflection (around neck)
 x - a cursed ring of protection from fire (right hand)
 C - a cursed ring of see invisible (left hand)
 D - a cursed ring of wizardry
 N - a cursed ring of stealth {unknown}
Wands
 k - a wand of iceblast (8)
 l - a wand of random effects (25)
 q - a wand of enslavement (5)
 t - a wand of paralysis (5)
 G - a wand of flame (20)
Scrolls
 b - a scroll of noise
 g - 2 scrolls of amnesia
 h - 8 scrolls of teleportation
 i - a scroll of immolation
 m - a scroll of enchant weapon {unknown}
 o - 5 scrolls of remove curse
 u - 4 scrolls of magic mapping
 B - 2 scrolls of enchant armour {unknown}
 F - 2 scrolls of identify
 P - a scroll of fog {unknown}
Potions
 d - a potion of curing {unknown}
 e - a potion of degeneration {unknown}
 j - 2 potions of lignification {unknown}
 n - a potion of mutation {unknown}
 p - 3 potions of heal wounds
 r - a potion of magic
 s - 2 potions of haste
 z - a potion of flight
 A - a potion of invisibility
 I - a potion of brilliance {unknown}
Comestibles
 f - 16 rations
 L - 13 chunks of flesh


   Skills:
 + Level 7.5 Fighting
 + Level 10.0(10.3) Axes
 + Level 3.8(7.5) Polearms
 + Level 6.7 Armour
 + Level 1.7 Dodging
 + Level 3.1 Stealth
 + Level 7.9 Shields
 + Level 1.4 Invocations


You had 10 spell levels left.
You didn't know any spells.
Your spell library contained the following spells:

 Spells                   Type           Power        Failure   Level  Hunger
 Animate Skeleton         Necr           N/A          43%         1    ##.....
 Apportation              Tloc           #.....       43%         1    ##.....
 Confusing Touch          Hex            #.....       43%         1    ##.....
 Magic Dart               Conj           #...         43%         1    ##.....
 Summon Small Mammal      Summ           #...         43%         1    ##.....
 Blink                    Tloc           N/A          58%         2    ###....
 Call Imp                 Summ           #.......     58%         2    ###....
 Slow                     Hex            #.......     58%         2    ###....
 Conjure Flame            Conj/Fire      #.......     82%         3    ####...
 Mephitic Cloud           Conj/Pois/Air  #.......     82%         3    ####...
 Bolt of Magma            Conj/Fire/Erth #.........   100%        5    ######.
 Iskenderun's Battlesphe  Conj/Chrm      #.......     100%        5    ######.
 Venom Bolt               Conj/Pois      #.........   100%        5    ######.
 Iron Shot                Conj/Erth      #.........   100%        6    #######
 Orb of Destruction       Conj           #.........   100%        7    #######
 Spellforged Servitor     Conj/Summ      #.........   100%        7    #######


Dungeon Overview and Level Annotations

Branches:
Dungeon (9/15)             Temple (0/1) D:5
   Lair: D:8-11         Orc: D:9-12

Altars:
Ashenzari
Elyvilon
Gozag
Hepliaklqana
Makhleb
Nemelex Xobeh
Okawaru
Uskayaw
Vehumet
Wu Jian
Yredelemnul

Shops:
D:8 =


Innate Abilities, Weirdness & Mutations

You have claws for feet.
You are partially covered in large bone plates. (SH +4)
A weak demonic guardian rushes to your aid.
Your flesh is heat resistant. (rF+)
You are immune to clouds of flame.


Message History

Found an arbalest.
You slash the troll!
The troll seems to slow down.
The troll looks incredibly listless.
You claw the troll.
The troll is heavily wounded.
You barely miss the deep troll. Your kick misses the deep troll.
The deep troll bites you! You block the deep troll's attack.
The deep troll misses you.
You closely miss the deep troll. The deep troll misses you.
The deep troll claws you but does no damage.
The deep troll claws you! The deep troll bites you!
You block the deep troll's attack. x2
You closely miss the deep troll.
You claw the deep troll, but do no damage.
The deep troll bites you but does no damage.
You block the deep troll's attack. The deep troll completely misses you.
You completely miss the deep troll. Your kick misses the deep troll.
The deep troll bites you! The deep troll claws you! The deep troll claws you!!
* * * LOW HITPOINT WARNING * * *
The deep troll bites you!
You die...

........................... ..
##........................ ##
#.......................
#.......................
#.......................
#..≈≈≈≈≈≈≈≈≈≈≈.≈≈≈≈≈≈≈≈≈
≈≈≈≈≈≈≈≈≈≈≈≈≈≈.≈#####≈≈≈≈
≈≈≈≈≈≈≈≈≈#####≈.≈#TT.#≈≈≈≈≈
≈≈≈≈≈≈≈≈≈# +.5@TTT)#≈≈≈≈≈≈≈≈
≈≈≈≈≈≈≈≈≈# #≈.≈#####≈≈≈≈≈≈≈≈
≈≈≈≈≈≈≈≈≈#####≈.≈≈≈≈≈≈≈≈≈≈≈≈≈#
≈≈≈≈≈≈≈≈≈≈≈≈≈≈≈.≈≈≈≈≈≈≈≈≈≈...#
#...........................#
#...........................#
#...........................#
##...........................####
.................................


You could see a deep troll, 4 trolls and a friendly iron imp.

Vanquished Creatures
  Harold (D:8)
  2 centaur warriors (D:8)
  Erica (D:8)
  A two-headed ogre (D:8)
  Joseph (D:8)
  A gargoyle (D:8)
  3 hippogriffs
  A wyvern (D:8)
  A yak (D:9)
  A vampire mosquito (D:8)
  A water moccasin (D:9)
  A phantom (D:7)
  A sky beast (D:7)
  An orc warrior (D:8)
  9 ogres
  A centaur (D:9)
  6 bullfrogs
  A scorpion (D:7)
  4 killer bees
  A howler monkey (D:5)
  2 crimson imps
  A centaur skeleton (D:4)
  10 hounds
  3 orc priests
  2 bullfrog skeletons
  2 jellies
  Natasha (thrice) (D:2)
  3 iguanas
  10 orc wizards
  8 worker ants
  A hound skeleton (D:4)
  A howler monkey zombie (D:7)
  A worker ant zombie (D:5)
  7 adders
  12 gnolls
  2 shadow imps
  2 oozes
  4 worms
  4 dart slugs
  5 leopard geckos
  44 orcs
  13 bats
  6 giant cockroaches
  5 goblins
  7 hobgoblins
  4 jackals
  4 quokkas
  3 frilled lizards
  8 kobolds
  7 rats
223 creatures vanquished.

Vanquished Creatures (collateral kills)
  A tengu warrior (D:9)
  A hippogriff (D:9)
  3 yaks
  A wyvern (D:8)
  An iguana (D:5)
  A worker ant (D:8)
8 creatures vanquished.

Vanquished Creatures (others)
  A centaur (D:7)
  A leopard gecko (D:8)
  An orc (D:6)
3 creatures vanquished.

Grand Total: 234 creatures vanquished

Notes
Turn   | Place    | Note
-------+----------+-------------------------------------------
     0 | D:1      | galech the Demonspawn Fighter began the quest for the Orb.
     0 | D:1      | Reached XP level 1. HP: 18/18 MP: 1/1
    56 | D:1      | Reached skill level 2 in Axes
    56 | D:1      | Gained mutation: You have sharp toenails. [demonic
                  | ancestry]
    56 | D:1      | Reached XP level 2. HP: 22/24 MP: 2/2
   185 | D:1      | Reached XP level 3. HP: 23/29 MP: 3/3
   940 | D:2      | Noticed Natasha
   947 | D:2      | Killed Natasha
   947 | D:2      | Reached XP level 4. HP: 17/35 MP: 4/4
  1153 | D:2      | Noticed Natasha
  1160 | D:2      | Killed Natasha
  1170 | D:2      | Noticed Natasha
  1174 | D:2      | Killed Natasha
  1174 | D:2      | Reached skill level 3 in Axes
  1449 | D:2      | Gained mutation: Your flesh is heat resistant. (rF+)
                  | [demonic ancestry]
  1449 | D:2      | Reached XP level 5. HP: 27/41 MP: 5/5
  2461 | D:3      | Found an iron altar of Okawaru.
  2497 | D:3      | Became a worshipper of Warmaster Okawaru
  2786 | D:3      | Gained mutation: You are immune to clouds of flame.
                  | [demonic ancestry]
  2786 | D:3      | Reached XP level 6. HP: 36/48 MP: 6/6
  3365 | D:4      | Reached skill level 4 in Axes
  3493 | D:4      | Gained mutation: You have razor-sharp toenails. [demonic
                  | ancestry]
  3493 | D:4      | Reached XP level 7. HP: 37/54 MP: 7/7
  3619 | D:4      | Noticed a hippogriff
  3632 | D:4      | Killed a hippogriff
  3632 | D:4      | Reached * piety under Okawaru
  3632 | D:4      | Reached skill level 1 in Dodging
  3810 | D:4      | Reached skill level 5 in Axes
  4070 | D:5      | Entered Level 5 of the Dungeon
  4094 | D:5      | Found a staircase to the Ecumenical Temple.
  4099 | D:4      | Found a hide-covered altar of Uskayaw.
  4176 | D:5      | Found a sparkling altar of Nemelex Xobeh.
  4223 | D:5      | Gained mutation: A weak demonic guardian rushes to your
                  | aid. [demonic ancestry]
  4223 | D:5      | Reached XP level 8. HP: 60/61 MP: 8/8
  4239 | D:5      | Reached skill level 6 in Axes
  4389 | D:5      | Reached ** piety under Okawaru
  4389 | D:5      | Reached skill level 5 in Armour
  4455 | D:5      | Found a shattered altar of Ashenzari.
  4548 | D:5      | Found an opulent altar of Gozag.
  4890 | D:6      | Noticed a hippogriff
  4903 | D:6      | Killed a hippogriff
  4903 | D:6      | Reached skill level 5 in Fighting
  4926 | D:6      | Reached skill level 7 in Axes
  5062 | D:6      | Reached skill level 5 in Shields
  5148 | D:6      | Reached XP level 9. HP: 49/68 MP: 9/9
  5804 | D:7      | Reached *** piety under Okawaru
  5878 | D:7      | Reached skill level 8 in Axes
  5884 | D:7      | Found a radiant altar of Vehumet.
  6529 | D:8      | Noticed a centaur warrior
  6533 | D:8      | Reached skill level 1 in Stealth
  6541 | D:8      | Killed a centaur warrior
  6541 | D:8      | Reached **** piety under Okawaru
  6615 | D:8      | Noticed Joseph
  6632 | D:8      | Killed Joseph
  6632 | D:8      | Reached skill level 9 in Axes
  6689 | D:8      | Found a white marble altar of Elyvilon.
  6708 | D:8      | Noticed a two-headed ogre
  6714 | D:8      | Gained mutation: You have claws for feet. [demonic
                  | ancestry]
  6714 | D:8      | Reached XP level 10. HP: 72/76 MP: 10/10
  6720 | D:8      | Killed a two-headed ogre
  6723 | D:8      | Noticed Harold
  7059 | D:8      | Killed Harold
  7059 | D:8      | Reached ***** piety under Okawaru
  7059 | D:8      | Reached skill level 1 in Invocations
  7060 | D:8      | Noticed a gargoyle
  7076 | D:8      | Killed a gargoyle
  7166 | D:8      | Found the +3 salamander hide armour {+Rage rF++}
  7494 | D:8      | Found a hazy altar of Hepliaklqana.
  7513 | D:8      | Noticed a centaur warrior
  7515 | D:8      | Found Wisual's Jewellery Shop.
  7522 | D:8      | Killed a centaur warrior
  7522 | D:8      | Reached skill level 10 in Axes
  7875 | D:8      | Received a gift from Okawaru
  7898 | D:8      | Noticed Erica
  7899 | D:8      | Found a basalt altar of Yredelemnul.
  7904 | D:8      | Killed Erica
  7904 | D:8      | Reached skill level 1 in Polearms
  8100 | D:8      | Found a burning altar of Makhleb.
  8252 | D:9      | Gained mutation: You are partially covered in large bone
                  | plates. (SH +4) [demonic ancestry]
  8252 | D:9      | Reached XP level 11. HP: 84/84 MP: 12/12
  8290 | D:9      | Noticed a tengu warrior
  8295 | D:9      | Killed a tengu warrior
  8449 | D:9      | Received a gift from Okawaru
  8631 | D:9      | Found an ornate altar of the Wu Jian Council.
  8653 | D:9      | Noticed a deep troll
  8658 | D:9      | Slain by a deep troll

Levels and vault maps discovered:
D:1:      zaba_arrival_water, layout_rooms
D:2:      layout_basic, first_ration, minmay_strange_pillars, minmay_tromino_v2,
          uniq_natasha
D:3:      layout_rooms, kennysheep_okawaru_gauntlet
D:4:      layout_cave_pools, nicolae_overflow_hidden_temple
D:5:      layout_rooms, kennysheep_mini, lemuel_round_altar,
          lemuel_doored_altar, temple_pool_b
D:6:      minmay_opposing_rooms, layout_basic
D:7:      minmay_inner_zag, layout_basic, nicolae_overflow_crystal_walls
D:8:      minmay_the_grid_octo_2x2 [minmay_the_grid_octo_checkered,
          minmay_the_grid_octo_fat_diamond, minmay_the_grid_octo_thin_diamonds,
          minmay_the_grid_octo_prize_square_snowflake], layout_loops_cross,
          kennysheep_little_box, lemuel_round_altar, marbit_many_paths,
          elyvilon_altar_4, serial_shops, nicolae_shop_trees,
          grunt_decor_resistance, uniq_joseph, uniq_erica, uniq_harold
D:9:      lemuel_troll_bridge, layout_irregular_city, lemuel_round_altar

Skill      XL: |  1  2  3  4  5  6  7  8  9 10 11 |
---------------+----------------------------------+-----
Axes           | 2 3 4 5 7 9 10 | 10.0
Shields        | 3 4 5 6 7 |  7.9
Armour         | 3 4 5 6 |  6.7
Fighting       | 4 5 6 7 |  7.5
Dodging        | 1 |  1.7
Stealth        | 2 3 |  3.1
Invocations    | 1 |  1.4
Polearms       | 2 3 |  3.8

Action                   |  1- 3 |  4- 6 |  7- 9 | 10-12 || total
-------------------------+-------+-------+-------+-------++-------
Melee: War axe           |   108 |   169 |   292 |    67 ||   636
       Kick              |    29 |    47 |   107 |    41 ||   224
       Scythe            |       |       |       |    72 ||    72
Invok: Heroism           |       |       |     1 |     4 ||     5
  Use: Potion            |       |     1 |       |       ||     1
       Scroll            |       |       |    13 |     1 ||    14
 Stab: Distracted        |       |       |     4 |     3 ||     7
       Sleeping          |       |       |       |     6 ||     6
  Eat: Chunk             |       |     9 |    11 |     6 ||    26
Armor: Scale mail        |    73 |    19 |       |       ||    92
       Chain mail        |       |    59 |       |       ||    59
       Plate armour      |       |       |   130 |    17 ||   147
       Leather armour    |       |       |       |    14 ||    14
Dodge: Dodged            |    39 |    52 |    36 |    42 ||   169
Block: Shield            |    64 |    95 |   212 |       ||   371
       Reflection        |       |       |    14 |    12 ||    26
       Large shield      |       |       |    15 |    79 ||    94
       Other             |       |       |       |    16 ||    16

Table legend:
 A = Non-vault XP
 B = Vault XP
 C = Vault XP percentage of total XP
 D = Non-vault monster count
 E = Vault monster count
 F = Vault count percentage of total count
                 A         B        C        D         E       F
            +---------+---------+-------+---------+---------+-------
      Total |    6190 |    7158 |  53.6 |     198 |      35 |  15.0
            +---------+---------+-------+---------+---------+-------
        D:1 |      56 |       0 |   0.0 |      31 |       0 |   0.0
        D:2 |     209 |      35 |  14.3 |      25 |       1 |   3.8
        D:3 |     186 |       0 |   0.0 |      24 |       0 |   0.0
        D:4 |     658 |       0 |   0.0 |      19 |       0 |   0.0
        D:5 |     560 |       0 |   0.0 |      16 |       0 |   0.0
        D:6 |     469 |     762 |  61.9 |      19 |       8 |  29.6
        D:7 |     639 |     103 |  13.9 |      22 |       4 |  15.4
        D:8 |    1577 |    5710 |  78.4 |      23 |      19 |  45.2
        D:9 |    1836 |     548 |  23.0 |      19 |       3 |  13.6
            +---------+---------+-------+---------+---------+-------
